 Dungeon Crawl Stone Soup version 0.29.1-12-g30fa7ad0bf (webtiles) character file.

Game seed: 15439609317028757816

1233 ArthurDent the Poker (level 8, 0/67 HPs)
             Began as a Gnoll Cinder Acolyte on Dec 17, 2022.
             Was a High Priest of Ignis.
             Slain by an ogre
             ... wielding a +0 giant club
              (12 damage)
             ... on level 5 of the Dungeon.
             The game lasted 00:12:03 (4966 turns).

ArthurDent the Poker (Gnoll Cinder Acolyte)         Turns: 4966, Time: 00:12:03

Health: 0/67       AC: 13    Str: 13    XL:     8   Next: 48%
Magic:  1/14       EV: 12    Int: 17    God:    Ignis [*****.]
Gold:   187        SH:  0    Dex:  7    Spells: 14/16 levels left

rFire   + . .      SeeInvis .   a - -1 spear (flame)
rCold   . . .      Faith    .   (no shield)
rNeg    + . .      Spirit   .   q - +2 robe {rN+}
rPois   .          Reflect  .   (no helmet)
rElec   .          Harm     .   (no cloak)
rCorr   .          Rampage  .   (no gloves)
Will    .....                   s - +1 pair of boots
Stlth   ++........              (no amulet)
HPRegen 0.21/turn               r - ring of flight
MPRegen 0.14/turn               (no ring)

@: fiery-armoured, flying, studying Maces & Flails
A: fangs 1, strong nose, distributed training
a: Renounce Religion, Fiery Armour, Foxfire Swarm, Rising Flame


You were on level 5 of the Dungeon.
You worshipped Ignis.
Ignis was extremely pleased with you.
You visited 2 branches of the dungeon, and saw 6 of its levels.

You collected 187 gold pieces.

Inventory:

Hand Weapons
 a - a -1 spear of flaming (weapon)
Missiles
 v - a javelin (quivered)
Armour
 b - a +0 robe
 q - a +2 robe of positive energy (worn)
 s - a +1 pair of boots (worn)
Jewellery
 r - a ring of flight (left hand)
 w - a ring of ice
Scrolls
 e - a scroll of silence {unknown}
 h - a scroll of amnesia {unknown}
 k - a scroll of blinking
 l - 3 scrolls of poison
 n - a scroll of fog {unknown}
 o - a scroll of teleportation
 t - a scroll of immolation {unknown}
 u - a scroll of torment {unknown}
Potions
 c - 2 potions of haste {unknown}
 d - a potion of magic
 f - a potion of ambrosia
 g - 4 potions of curing {unknown}
 j - 3 potions of mutation {unknown}
 m - a potion of brilliance
 p - 4 potions of degeneration {unknown}
 x - a potion of berserk rage


   Skills:
 + Level 7.4 Fighting
 + Level 3.4 Short Blades
 + Level 3.4 Long Blades
 + Level 3.4 Axes
 + Level 4.4 Maces & Flails
 + Level 7.4 Polearms
 + Level 3.4 Staves
 + Level 3.4 Ranged Weapons
 + Level 3.4 Throwing
 + Level 3.4 Armour
 + Level 3.4 Dodging
 + Level 3.4 Stealth
 + Level 3.4 Shields
 + Level 3.4 Unarmed Combat
 + Level 4.5 Spellcasting
 + Level 2.8 Conjurations
 + Level 2.8 Hexes
 + Level 2.8 Summonings
 + Level 2.8 Necromancy
 + Level 2.8 Translocations
 + Level 2.8 Transmutations
 + Level 6.2 Fire Magic
 + Level 2.8 Ice Magic
 + Level 2.8 Air Magic
 + Level 2.8 Earth Magic
 + Level 2.8 Poison Magic
 + Level 3.8 Invocations
 + Level 3.4 Evocations


You had 14 spell levels left.
You knew the following spells:

 Your Spells              Type           Power      Damage    Failure   Level
a - Scorch                Fire           50%        2d8       1%          2

Your spell library contained the following spells:

 Spells                   Type           Power      Damage    Failure   Level
 Dazzling Flash           Conj/Hex       26%        N/A       14%         3
 Iskenderun's Mystic Bla  Conj/Tloc      13%        2d5       43%         4
 Starburst                Conj/Fire      9%         6d5       98%         6


Dungeon Overview and Level Annotations

Branches:
Dungeon (5/15)             Temple (1/1) D:4

Altars:
Ashenzari
Cheibriados
Dithmenos
Elyvilon
Fedhas
Hepliaklqana
Kikubaaqudgha
Makhleb
Nemelex Xobeh
Okawaru
Qazlal
Ru
Sif Muna
Trog
Vehumet
Wu Jian
Xom
Yredelemnul
Zin

Shops:
D:2 ?[:

Annotations:
D:3 3 runed translucent doors, TheSexyCheese's ghost, weakling HOFi
D:5 Eustachio


Innate Abilities, Weirdness & Mutations

You have very sharp teeth.
Your uncanny sense of smell can sniff out nearby items.
Your experience applies equally to all skills.


Message History

A hound comes into view.
Casting: Scorch (safe; 1% risk of failure)
Confirm with . or Enter, or press ? or * to list all spells.
You miscast Scorch.
You are very lightly contaminated with residual magic.
Nothing appears to happen.
The hound barks!
The hound bites you.
* * * LOW HITPOINT WARNING * * *
Casting: Scorch (safe; 1% risk of failure)
Confirm with . or Enter, or press ? or * to list all spells.
Flames lash the hound.
The hound is moderately wounded.
The hound's fire resistance burns away.
The hound bites you.
* * * LOW HITPOINT WARNING * * *
The hound barely misses you.
Casting: Scorch (safe; 1% risk of failure)
Confirm with . or Enter, or press ? or * to list all spells.
Flames lash the hound.
The hound is burned terribly!
The hound is almost dead.
The hound bites you but does no damage.
A protective cloak of flame settles atop you.
The hound bites you but does no damage.
The hound is burned terribly!
The hound is burned by your cloak of flames.
You kill the hound!
The iron imp shouts, "Begone, thou qualling onion-eyed death-token!"
Unknown command.
The crimson imp disappears in a puff of smoke!
Your magical contamination has completely faded away.
An ogre comes into view. It is wielding a +0 giant club.
Casting: Scorch (safe; 1% risk of failure)
Confirm with . or Enter, or press ? or * to list all spells.
Flames lash the ogre.
The ogre is moderately wounded.
The ogre's fire resistance burns away.
Unknown command.
Activating: Foxfire Swarm
Press: ? - help, Dir - look around, f - activate Flames leap up around you!
The ogre hits you with a +0 giant club!
You die...

...# #..##....# ##.#.# ##.#
#.###.##.###.#... .#.## ###
#........#.## .#..# .....
#.5#####...# ....# #...#
#..# #)### ##..# #...#
####..# #.# ....# #...#
#.....# #..
....######...#####v###.# #..
..............vO@vv.##...
.(..
..............v#vvv........
...
#..............vvvv.#.##..##
...#######...#####.##.# ..#
##.# #...# #.. . ..# ##.#
#...# #.##.## ...# #...# #.#
.# #### #...# .. .. #
#...########.# ##


You could see an ogre (combustible, ally target).

Vanquished Creatures
  Grinder (D:5)
  Sigmund (D:2)
  An ogre (D:5)
  A kobold brigand (D:5)
  Blork the orc (D:5)
  2 scorpions
  2 gnoll boudas (D:4)
  An orc priest (D:4)
  3 hounds (D:5)
  An iguana (D:5)
  Natasha (thrice) (D:2)
  An orc wizard (D:4)
  7 adders
  6 gnolls (D:4)
  A shadow imp (D:5)
  2 dart slugs (D:1)
  12 orcs
  7 endoplasms
  3 giant cockroaches
  7 goblins
  9 hobgoblins
  3 jackals (D:3)
  4 quokkas
  7 ball pythons
  10 bats
  6 frilled lizards
  9 kobolds
  4 rats
115 creatures vanquished.

Vanquished Creatures (others)
  6 fungi (D:4)
  18 plants (D:4)
24 creatures vanquished.

Grand Total: 139 creatures vanquished

Notes
Turn   | Place    | Note
-------+----------+-------------------------------------------
     0 | D:1      | ArthurDent the Gnoll Cinder Acolyte began the quest for the
                  | Orb.
     0 | D:1      | Reached XP level 1. HP: 23/23 MP: 4/4
   152 | D:1      | Reached XP level 2. HP: 19/29 MP: 5/5
   155 | D:1      | Learned a level 2 spell: Scorch
   552 | D:1      | Reached XP level 3. HP: 34/35 MP: 7/7
   796 | D:2      | Found Qigg's Armour Emporium.
   824 | D:2      | Found Jeamn's Magic Scroll Shop.
   875 | D:2      | Noticed Natasha
   884 | D:2      | Reached skill level 1 in Invocations
   886 | D:2      | Killed Natasha
   887 | D:2      | Reached skill level 1 in Short Blades
   887 | D:2      | Reached skill level 1 in Long Blades
   887 | D:2      | Reached skill level 1 in Axes
   887 | D:2      | Reached skill level 1 in Maces & Flails
   887 | D:2      | Reached skill level 1 in Staves
   887 | D:2      | Reached skill level 1 in Ranged Weapons
   887 | D:2      | Reached skill level 1 in Throwing
   887 | D:2      | Reached skill level 1 in Armour
   887 | D:2      | Reached skill level 1 in Dodging
   887 | D:2      | Reached skill level 1 in Stealth
   887 | D:2      | Reached skill level 1 in Shields
   887 | D:2      | Reached skill level 1 in Unarmed Combat
   887 | D:2      | Reached skill level 1 in Evocations
   887 | D:2      | Reached XP level 4. HP: 20/41 MP: 1/8
   983 | D:2      | Noticed Natasha
  1079 | D:2      | Found Goulalar's Book Shoppe.
  1114 | D:2      | Found a glowing silver altar of Zin.
  1275 | D:2      | Reached skill level 1 in Conjurations
  1275 | D:2      | Reached skill level 1 in Hexes
  1275 | D:2      | Reached skill level 1 in Summonings
  1275 | D:2      | Reached skill level 1 in Necromancy
  1275 | D:2      | Reached skill level 1 in Translocations
  1275 | D:2      | Reached skill level 1 in Transmutations
  1275 | D:2      | Reached skill level 1 in Ice Magic
  1275 | D:2      | Reached skill level 1 in Air Magic
  1275 | D:2      | Reached skill level 1 in Earth Magic
  1275 | D:2      | Reached skill level 1 in Poison Magic
  1555 | D:2      | Killed Natasha
  1556 | D:2      | Reached XP level 5. HP: 38/47 MP: 2/9
  1646 | D:2      | Noticed Natasha
  1648 | D:2      | Killed Natasha
  1805 | D:2      | Noticed Sigmund
  1810 | D:2      | Killed Sigmund
  1811 | D:2      | Reached XP level 6. HP: 42/53 MP: 1/11
  2016 | D:2      | Found a faded altar of an unknown god.
  2613 | D:3      | Found a runed translucent gate.
  2613 | D:3      | Found a runed translucent gate.
  2614 | D:3      | Found a runed translucent gate.
  2627 | D:3      | Noticed TheSexyCheese's ghost (weakling HOFi)
  2629 | D:3      | Identified the +0 leather armour of Youthful Indiscretion
                  | {Str+3}
  2989 | D:4      | Found a shadowy altar of Dithmenos.
  3189 | D:4      | Reached XP level 7. HP: 57/60 MP: 5/12
  3818 | D:4      | Found a staircase to the Ecumenical Temple.
  3829 | Temple   | Entered the Ecumenical Temple
  4181 | D:4      | Found a basalt altar of Yredelemnul.
  4234 | D:4      | Found a hazy altar of Hepliaklqana.
  4257 | D:5      | Entered Level 5 of the Dungeon
  4340 | D:5      | Found a sparkling altar of Nemelex Xobeh.
  4340 | D:5      | Found a snail-covered altar of Cheibriados.
  4386 | D:5      | Noticed Grinder
  4389 | D:5      | Paralysed by Grinder for 2 turns
  4404 | D:5      | Killed Grinder
  4405 | D:5      | Reached XP level 8. HP: 34/67 MP: 1/14
  4855 | D:5      | Found a white marble altar of Elyvilon.
  4871 | D:5      | Noticed Blork the orc
  4876 | D:5      | Killed Blork the orc
  4880 | D:5      | Noticed Eustachio
  4903 | D:5      | HP: 3/67 [ogre/+0 giant club (29)]
  4966 | D:5      | Slain by an ogre

Illustrated notes

Levels and vault maps discovered:
D:1:      scummos_arrival_checkerplants, layout_rooms
D:2:      layout_loops_cross, basic_altar,
          dreamdust_ecumenical_altar_sealed_demon, serial_shops, shop_fountains,
          nicolae_shop_waterfront, nicolae_shop_waterfront,
          amcnicky_mini_rare_corridor_liquid, minmay_crystal_room, uniq_natasha,
          uniq_sigmund
D:3:      layout_basic, biasface_ghost_orc_armoury, nrook_loot_triangle,
          minmay_misc_feat_plants, minmay_circle_x
D:4:      layout_rooms, mainiacjoe_overflow_chevrons,
          nzn_hepliaklqana_mist_gate, mainiacjoe_overflow_brackets,
          minmay_temple_entry_mist
D:5:      layout_loops_cross, elyvilon_altar_5,
          mainiacjoe_overflow_large_starburst, roderic_roman_lattice,
          minivault_14, uniq_blork_the_orc, uniq_eustachio, uniq_grinder
Temple:   nicolae_temple_slightly_damp_pantheon

Skill      XL: |  1  2  3  4  5  6  7  8 |
---------------+-------------------------+-----
Invocations    | 1 2 3 |  3.8
Short Blades   | 1 2 3 |  3.4
Long Blades    | 1 2 3 |  3.4
Axes           | 1 2 3 |  3.4
Maces & Flails | 1 2 3 4 |  4.4
Staves         | 1 2 3 |  3.4
Ranged Weapons | 1 2 3 |  3.4
Throwing       | 1 2 3 |  3.4
Armour         | 1 2 3 |  3.4
Dodging        | 1 2 3 |  3.4
Stealth        | 1 2 3 |  3.4
Shields        | 1 2 3 |  3.4
Unarmed Combat | 1 2 3 |  3.4
Evocations     | 1 2 3 |  3.4
Spellcasting   | 3 4 |  4.5
Conjurations   | 1 2 |  2.8
Hexes          | 1 2 |  2.8
Summonings     | 1 2 |  2.8
Necromancy     | 1 2 |  2.8
Translocations | 1 2 |  2.8
Transmutations | 1 2 |  2.8
Ice Magic      | 1 2 |  2.8
Air Magic      | 1 2 |  2.8
Earth Magic    | 1 2 |  2.8
Poison Magic   | 1 2 |  2.8
Fighting       | 7 |  7.4
Polearms       | 7 |  7.4
Fire Magic     | 6 |  6.2

Action                   |  1- 3 |  4- 6 |  7- 9 || total
-------------------------+-------+-------+-------++-------
Melee: Spear             |    79 |   140 |    54 ||   273
       Bite              |     9 |     6 |     4 ||    19
       Punch             |       |     3 |     1 ||     4
Throw: Javelin           |       |       |     2 ||     2
 Cast: Scorch            |     6 |    34 |    52 ||    92
Invok: Foxfire Swarm     |       |       |     1 ||     1
       Fiery Armour      |       |       |     1 ||     1
  Use: Scroll            |       |       |     7 ||     7
 Stab: Sleeping          |       |     1 |       ||     1
Armor: Robe              |     7 |    24 |    19 ||    50
Dodge: Dodged            |    21 |    51 |    29 ||   101
